 Dungeon Crawl Stone Soup version 0.27-a0-577-ge2a43ba0c9 (webtiles) character file.

Game seed: 16409656368716780221

214 jasper the Sneak (level 5, 0/24 HPs)
             Began as a Spriggan Enchanter on Mar 9, 2021.
             Killed from afar by an orc wizard (12 damage)
             ... with a puff of flame
             ... on level 5 of the Dungeon.
             The game lasted 00:06:43 (4842 turns).

jasper the Sneak (Spriggan Enchanter)               Turns: 4842, Time: 00:06:44

Health: 0/24       AC:  3    Str:  4    XL:     5   Next: 60%
Magic:  2/10       EV: 18    Int: 17    God:
Gold:   73         SH:  0    Dex: 16    Spells: 4/10 levels left

rFire    . . .     SeeInvis +   c - +0 short sword
rCold    . . .     Faith    .   (shield restricted)
rNeg     . . .     Spirit   .   b - +0 robe
rPois    +         Reflect  .   (helmet restricted)
rElec    .         Harm     .   k - +0 cloak
rCorr    .         Rampage  .   (gloves unavailable)
Will     .....                  (boots unavailable)
Stlth    ++++......             (no amulet)
HPRegen  0.08/turn              m - ring of poison resistance
MPRegen  0.12/turn              (no ring)

@: very quick
A: very small, unfitting armour, see invisible, speed 3
a: no special abilities


You were on level 5 of the Dungeon.
You visited 1 branch of the dungeon, and saw 5 of its levels.

You collected 163 gold pieces.
You spent 90 gold pieces at shops.

Inventory:

Hand Weapons
 a - a +1 dagger
 c - a +0 short sword (weapon)
Missiles
 p - 5 curare-tipped darts
Armour
 b - a +0 robe (worn)
 f - a +0 buckler
 k - a +0 cloak (worn)
Jewellery
 m - a ring of poison resistance (left hand)
 v - a +4 ring of protection
Wands
 q - a wand of digging (4)
Scrolls
 d - 4 scrolls of blinking
 e - 3 scrolls of identify {unknown}
 g - a scroll of enchant armour {unknown}
 i - 2 scrolls of teleportation {unknown}
 t - a scroll of fear {unknown}
 u - a scroll of fog {unknown}
 w - a scroll of immolation {unknown}
 x - 2 scrolls of amnesia {unknown}
Potions
 h - 3 potions of curing
 j - a potion of magic {unknown}
 l - a potion of might {unknown}
 n - 2 potions of resistance {unknown}
 o - a potion of invisibility {unknown}
 r - 2 potions of attraction {unknown}
 s - 2 potions of cancellation {unknown}


   Skills:
 - Level 1.1 Short Blades
 + Level 4.2 Dodging
 * Level 7.0 Stealth
 - Level 3.0 Spellcasting
 * Level 5.5 Hexes


You had 4 spell levels left.
You knew the following spells:

 Your Spells              Type           Power      Damage    Failure   Level
a - Corona                Hex            23%        N/A       1%          1
b - Ensorcelled Hibernat  Hex/Ice        22%        N/A       9%          2
c - Confusing Touch       Hex            21%        N/A       5%          3

Your spell library contained the following spells:

 Spells                   Type           Power      Damage    Failure   Level
 Tukima's Dance           Hex            21%        N/A       5%          3
 Dazzling Flash           Conj/Hex       22%        N/A       17%         3


Dungeon Overview and Level Annotations

Branches:
Dungeon (5/15)
 Temple: D:4-7

Altars:

Shops:
D:4 ?


Innate Abilities, Weirdness & Mutations

You are very small and have problems with some larger weapons.
You are too small for most types of armour.
You have supernaturally acute eyesight. (SInv)
You cover ground extremely quickly. (Speed+++)


Message History

The orc wizard is severely wounded.
The orc wizard misses you. The orc hits you with a +0 dagger.
* * * LOW HITPOINT WARNING * * *
You take 3 damage, and have 6/24 hp.
You hit the orc wizard.
The orc wizard is severely wounded.
The orc wizard points at you and mumbles some strange words.
The puff of flame misses you. The orc hits you with a +0 dagger.
* * * LOW HITPOINT WARNING * * *
You take 5 damage, and have 1/24 hp.
MASSIVE DAMAGE!!
The orc misses you.
It was a potion of curing.
You feel better. The orc hits you but does no damage.
You regained 6 hp, and now have 7/24 hp.
You hit the orc wizard.
The orc wizard is almost dead.
The orc wizard hits you but does no damage.
The orc hits you with a +0 dagger.
* * * LOW HITPOINT WARNING * * *
The orc wizard casts a spell at you.
You easily resist.
You take 3 damage, and have 4/24 hp.
You feel better. The orc hits you with a +0 dagger.
The orc wizard hits you but does no damage.
You regained 9 hp, and now have 13/24 hp.
You hit the orc wizard but do no damage.
The orc wizard is almost dead.
The orc completely misses you. The orc wizard completely misses you.
You completely miss the orc wizard.
The orc wizard is almost dead.
The orc barely misses you.
The orc wizard hits you with a +0 dagger.
You take 1 damage, and have 12/24 hp.
You hit the orc wizard but do no damage.
The orc wizard is almost dead.
The orc barely misses you. The orc wizard casts a spell at you.
The puff of flame hits you!
Ouch! That really hurt!
You die...

.. ..... #....#
#..####....#######+#
#..................#
#..................#
#.............)....+
+.............oo...#
#$.............@...#
#..................#
#.......<..........#
####+#####+#######.#
+#


You could see an orc wizard (invisible) and an orc.

Vanquished Creatures
  An ogre (D:4)
  A worker ant (D:4)
  3 gnolls (D:3)
  An adder (D:2)
  A dart slug (D:3)
  2 leopard geckos
  2 orcs
  6 giant cockroaches
  10 goblins
  8 hobgoblins
  4 jackals (D:2)
  6 kobolds
  9 bats
  3 frilled lizards
  10 rats
67 creatures vanquished.

Notes
Turn   | Place    | Note
-------+----------+-------------------------------------------
     0 | D:1      | jasper the Spriggan Enchanter began the quest for the Orb.
     0 | D:1      | Reached XP level 1. HP: 9/9 MP: 5/5
   597 | D:1      | Reached XP level 2. HP: 10/13 MP: 6/6
   608 | D:1      | Learned a level 2 spell: Ensorcelled Hibernation
  1510 | D:2      | Reached skill level 5 in Stealth
  1654 | D:2      | Reached XP level 3. HP: 16/16 MP: 8/8
  1658 | D:2      | Learned a level 3 spell: Confusing Touch
  3167 | D:3      | Reached XP level 4. HP: 21/21 MP: 6/9
  3233 | D:3      | Reached skill level 6 in Stealth
  3963 | D:4      | Reached skill level 5 in Hexes
  3981 | D:4      | Noticed an ogre
  4005 | D:4      | Killed an ogre
  4006 | D:4      | Reached skill level 7 in Stealth
  4006 | D:4      | Reached XP level 5. HP: 24/24 MP: 2/10
  4081 | D:4      | Found Suij's Magic Scroll Shoppe.
  4105 | D:4      | Bought a scroll of blinking for 90 gold pieces
  4258 | D:4      | Noticed an ice beast
  4693 | D:5      | Entered Level 5 of the Dungeon
  4835 | D:5      | HP: 1/24 [orc/+0 dagger (5)]
  4842 | D:5      | Killed from afar by an orc wizard

Illustrated notes

Levels and vault maps discovered:
D:1:      wander_arrival_chamber, layout_basic
D:2:      layout_basic
D:3:      layout_loops_ring, chequers_serial_rivers_large_b
D:4:      layout_basic, serial_shops, nicolae_shop_competitors_out_of_business,
          nicolae_gozag_seed_capital
D:5:      minmay_opposing_rooms, layout_gridville, grunt_ministairs_9

Skill      XL: |  1  2  3  4 |
---------------+-------------+-----
Spellcasting   | 3 |  3.0
Hexes          | 4 5 |  5.5
Dodging        | 3 4 |  4.2
Stealth        | 5 7 |  7.0
Short Blades   | |  1.1

Action                   |  1- 3 |  4- 6 || total
-------------------------+-------+-------++-------
Melee: Short sword       |    78 |    10 ||    88
       Dagger            |    56 |    23 ||    79
 Cast: Corona            |     2 |       ||     2
       Ensorcelled Hiber |    36 |    28 ||    64
       Confusing Touch   |       |     1 ||     1
  Use: Potion            |       |     2 ||     2
 Stab: Sleeping          |    31 |    18 ||    49
Armor: Robe              |    21 |     5 ||    26
Dodge: Dodged            |   114 |    26 ||   140

Table legend: (Time is in decaauts)
 A = Elapsed time spent in this place.
 B = Non-inter-level travel time spent in this place.
 C = Inter-level travel time spent in this place.
 D = Time resting spent in this place.
 E = Time spent auto-exploring this place.
 F = Levels seen in this place.
 G = Mean time per level.
                   A        B        C        D        E       F      G
               +--------+--------+--------+--------+--------+-----+--------+
         Total |   3974 |   3933 |     41 |   1224 |   2080 |   5 |  794.8 |
       Dungeon |   3974 |   3933 |     41 |   1224 |   2080 |   5 |  794.8 |
               +--------+--------+--------+--------+--------+-----+--------+

Top non-repeatable levels by time:
     D:1: 1296 daAuts
     D:3: 1190 daAuts
     D:2: 697 daAuts
     D:4: 644 daAuts
     D:5: 144 daAuts
